 Dungeon Crawl Stone Soup version 0.31-a0-647-g38d6a14cb1 (console) character file.

Game seed: 14033571396227707076

37526 Ignak the Thaumaturge (level 13, -1/100 HPs)
             Began as a Gnoll Air Elementalist on Aug 24, 2023.
             Was a High Priest of Sif Muna.
             Slain by a sphinx (12 damage)
             ... summoned by Kirke
             ... while paralysed by a sphinx
             ... on level 3 of the Lair of Beasts on Aug 29, 2023.
             The game lasted 01:06:56 (17201 turns).

Ignak the Thaumaturge (Gnoll Air Elementalist)     Turns: 17201, Time: 01:06:57

Health: -1/100     AC: 23    Str:  8    XL:     13   Next: 97%
Magic:  21/27      EV:  2    Int: 19    God:    Sif Muna [*****.]
Gold:   1689       SH:  0    Dex: 13    Spells: 3/32 levels left

rFire   + . .        t - +4 demon blade {drain, +Blink rF+}
rCold   . . .        Z - +0 buckler
rNeg    . . .        e - +0 steam dragon scales
rPois   .            H - +0 helmet
rElec   .            o - scarf {shadows}
rCorr   .            E - +2 pair of gloves {hurl}
SInv    .            i - +0 pair of boots
Will    .....        w - amulet of regeneration
Stlth   ++++         U - +4 ring of protection
HPRegen 1.16/turn    C - +4 ring of protection
MPRegen 0.20/turn

%: no passive effects
@: paralysed, slowed
A: fangs 1, strong nose, distributed training, iridescent scales 1
a: Renounce Religion, Evoke Blink, Channel Magic, Forget Spell, Divine Exegesis


You were on level 3 of the Lair of Beasts.
You worshipped Sif Muna.
Sif Muna was extremely pleased with you.
You visited 4 branches of the dungeon, and saw 16 of its levels.
You also visited: Ossuary and Bailey.

You collected 2646 gold pieces.
You spent 957 gold pieces at shops.

Inventory:

Hand Weapons
 a - the +8 spear of Tartarus {heavy, Str+3 SInv}
   (You found it in a bailey)

   Str+3:     It affects your strength (+3).
   SInv:      It lets you see invisible.
 b - a +0 rapier
 t - the +4 demon blade "Kielob" (weapon) {drain, +Blink rF+}
   (You bought it in a shop on level 2 of the Orcish Mines)

   rF+:       It protects you from fire.
   +Blink:    It lets you blink.
 Y - the +5 long sword of Yhe Guxt {freeze, rElec rF+ rN+ Will+ Int-5}
   (You found it on level 1 of the Lair of Beasts)

   Int-5:     It affects your intelligence (-5).
   rF+:       It protects you from fire.
   rElec:     It insulates you from electricity.
   rN+:       It protects you from negative energy.
   Will+:     It increases your willpower.
Missiles
 X - 7 silver javelins (quivered)
Armour
 e - +0 steam dragon scales (worn)
 i - a +0 pair of boots (worn)
 m - a +1 leather armour of cold resistance
 o - a scarf of shadows (worn)
 u - the +0 leather armour of the Devouring Gods {Dex+8}
   (You bought it in a shop on level 8 of the Dungeon)

   Dex+8:     It affects your dexterity (+8).
 B - a +0 cloak
 E - a +2 pair of gloves of hurling (worn)
 H - a +0 helmet (worn)
 O - a +2 leather armour of poison resistance
 Z - a +0 buckler (worn)
Jewellery
 w - an amulet of regeneration (around neck)
 C - a +4 ring of protection (right hand)
 U - a +4 ring of protection (left hand)
 V - a ring of willpower
Wands
 d - a wand of digging (4)
 f - a wand of charming (4)
 l - a wand of polymorph (4)
 I - a wand of mindburst (23)
 Q - a wand of flame (19)
 W - a wand of roots (5)
Scrolls
 g - 2 scrolls of vulnerability
 h - a scroll of revelation
 k - a scroll of blinking
 n - 2 scrolls of enchant armour
 y - 3 scrolls of poison
 P - 4 scrolls of enchant weapon
 R - a scroll of silence
 S - 6 scrolls of teleportation
 T - 2 scrolls of fog
Potions
 c - 3 potions of cancellation
 j - 2 potions of brilliance
 p - a potion of invisibility {unknown}
 q - 4 potions of lignification
 r - 3 potions of enlightenment
 s - 4 potions of curing
 v - a potion of mutation
 z - a potion of attraction {unknown}
 D - 2 potions of magic
 J - a potion of heal wounds
 K - a potion of berserk rage {unknown}
 N - a potion of might


   Skills:
 + Level 8.9 Fighting
 + Level 8.9 Short Blades
 + Level 8.9 Long Blades
 + Level 8.9 Axes
 + Level 8.9 Maces & Flails
 + Level 8.9 Polearms
 + Level 8.9 Staves
 + Level 8.9 Ranged Weapons
 + Level 8.9 Throwing
 + Level 8.9 Armour
 + Level 10.1 Dodging
 + Level 9.9 Stealth
 + Level 8.9 Shields
 + Level 8.9 Unarmed Combat
 + Level 10.2 Spellcasting
 + Level 7.8 Conjurations
 + Level 7.4 Hexes
 + Level 7.4 Summonings
 + Level 7.4 Necromancy
 + Level 7.4 Translocations
 + Level 7.4 Transmutations
 + Level 7.4 Fire Magic
 + Level 7.4 Ice Magic
 + Level 9.3 Air Magic
 + Level 7.4 Earth Magic
 + Level 7.4 Poison Magic
 + Level 9.7 Invocations
 + Level 8.9 Evocations
 + Level 8.1 Shapeshifting


You had 3 spell levels left.
You knew the following spells:

 Your Spells              Type           Power      Damage    Failure   Level
a - Confusing Touch       Hex            38%        N/A       1%          3
b - Swiftness             Air            45%        N/A       1%          3
c - Vampiric Draining     Necr           38%        2d8       1%          3
d - Mephitic Cloud        Conj/Pois/Air  40%        N/A       1%          3
e - Summon Lightning Spi  Summ/Air       41%        N/A       3%          4
f - Airstrike             Air            22%        2d(4-20)  2%          4
g - Searing Ray           Conj           78%        2d7       1%          2
h - Lee's Rapid Deconstr  Erth           19%        3d11*     13%         5
x - Wereblood             Tmut           38%        N/A       1%          2

Your spell library contained the following spells:

 Spells                   Type           Power      Damage    Failure   Level
 Foxfire                  Conj/Fire      100%       2x1d9     1%          1
 Magic Dart               Conj           100%       1d8       1%          1
 Necrotise                Necr           100%       1d9       1%          1
 Shock                    Conj/Air       100%       1d9       1%          1
 Slow                     Hex            100%       N/A       1%          1
 Cigotuvi's Dreadful Rot  Necr/Pois/Air  80%        N/A       1%          2
 Poisonous Vapours        Pois/Air       82%        N/A       1%          2
 Static Discharge         Conj/Air       84%        2-6/arc   1%          2
 Sublimation of Blood     Necr           38%        N/A       1%          2
 Call Canine Familiar     Summ           38%        N/A       1%          3
 Hailstorm                Conj/Ice       38%        3d9       1%          3
 Ozocubu's Armour         Ice            38%        N/A       1%          3
 Portal Projectile        Hex/Tloc       76%        N/A       1%          3
 Vhi's Electric Charge    Tloc/Air       82%        N/A       3%          4
 Animate Armour           Summ/Erth      76%        N/A       4%          4
 Fulminant Prism          Conj/Hex       19%        3d10      4%          4
 Leda's Liquefaction      Hex/Erth       19%        N/A       4%          4
 Petrify                  Tmut/Erth      38%        N/A       4%          4
 Silence                  Hex/Air        20%        N/A       9%          5
 Irradiate                Conj/Tmut      19%        3d18      12%         5
 Agony                    Necr           38%        N/A       13%         5
 Metabolic Englaciation   Hex/Ice        19%        N/A       13%         5
 Plasma Beam              Fire/Air       20%        2x1d32    43%         6
 Starburst                Conj/Fire      19%        6d7       54%         6
 Polar Vortex             Ice            19%        12d2*     100%        9


Dungeon Overview and Level Annotations

Branches:
Dungeon (10/15)            Temple (1/1) D:7            Lair (3/5) D:10
  Swamp (0/4) Lair:2        Snake (0/4) Lair:3          Orc (2/2) D:9
    Elf (0/3) Orc:2       Ossuary (visited)          Bailey (visited)

Altars:
Ashenzari
Cheibriados
Dithmenos
Elyvilon
Fedhas
Gozag
Hepliaklqana
Kikubaaqudgha
Makhleb
Nemelex Xobeh
Okawaru
Qazlal
Ru
Sif Muna
Trog
Uskayaw
Vehumet
Xom
Yredelemnul
Zin
The Shining One

Shops:
D:8 [(*   Orc:2 ([:*

Annotations:
Lair:3 Kirke


Innate Abilities, Weirdness & Mutations

You have very sharp teeth.
Your uncanny sense of smell can sniff out nearby items.
Your experience applies equally to all skills.
You are partially covered in iridescent scales. (AC +2)


Message History

Unknown command.
The searing ray misses Kirke.
The searing ray hits the black mamba.
The black mamba is moderately wounded.
The searing ray hits the torpor snail but does no damage.
The torpor snail is moderately wounded.
The sphinx hits you! The sphinx hits you.
The sphinx hits you but does no damage.
Kirke gestures wildly while chanting.
Kirke summons a manticore!
The sphinx casts a spell.
Something smites you!
* * * LOW HITPOINT WARNING * * *
Kirke closely misses you.
Press: ? - help, v - describe, . - travel
Here: Kirke (heavily wounded, slightly transparent)
The floor, spattered with blood.
Okay, then.
You sense an unholy aura.
t - the +4 demon blade "Kielob" (weapon)
{drain, +Blink rF+} The sphinx barely misses you.
The sphinx misses you. The sphinx barely misses you.
A black bear comes into view.
You blink.
You feel yourself speed up.
The manticore flicks its tail.
The volley of spikes misses you.
The sphinx casts a spell.
You suddenly lose the ability to move!
The manticore flicks its tail.
The volley of spikes hits something!
You feel stable enough to blink again.
The sphinx casts a spell.
Something smites you!
* * * LOW HITPOINT WARNING * * *
Something hits you but does no damage.
Deactivating autopickup; reactivate with Ctrl-A.
The sphinx hits you but does no damage. x2; The sphinx barely misses you.
You hear some strange, mumbled words.
You feel yourself slow down. The sphinx hits you!
You die...

......h## ## .....#).###.# ...#
". .....♣@##..# ...# #...
.....♣.†.h.# ### #..##...#
.........#h######.# #.......#
......♣.hlh.hhh...#######.......#
.......h##w###S#H.##...#....>.P..
...........# #.H.P..............
.........#.## #@.....###.†.#.##
........#..P# #..#.### ##..##
......♣###..# #.#### ###...# ..
..... #.## #.### #.#...# .. ...♣♣
#.## #...# #...)# #. ...
#..####...# ##P.### # #...#.#.###
#....# .###........######....#
........#..##.#.#...###


You could see a sphinx (summoned), a manticore (summoned), a black mamba and 3
hogs.

Vanquished Creatures
  A ghost crab (Lair:2)
  4 hydras
  An ogre mage (Orc:2)
  3 two-headed ogres
  Urug (Lair:1)
  An orc high priest (Orc:2)
  Pikel (D:4)
  3 orc knights
  3 orc sorcerers
  An ugly thing (D:6)
  A manticore (D:7)
  6 black mambas
  5 cane toads
  3 komodo dragons
  A rime drake (Lair:2)
  3 kobold demonologists
  A troll (Orc:2)
  A hornet (D:10)
  Grinder (D:5)
  15 blink frogs
  3 shadows
  A spectral black mamba (Lair:2)
  Sigmund (D:6)
  20 yaks
  4 wyverns
  2 vampires (D:9)
  A spriggan (Lair:3)
  A basilisk (Lair:1)
  Eustachio (D:5)
  A steam dragon (Lair:1)
  A hog (Lair:3)
  3 vampire mosquitoes (D:8)
  An acid dragon (D:5)
  7 wargs
  15 water moccasins
  32 orc warriors
  A sky beast (D:7)
  A swamp drake (D:9)
  An ice beast (D:7)
  2 black bears
  10 wolves
  12 ogres
  5 centaurs
  4 phantoms
  A spectral basilisk (Lair:2)
  7 bullfrogs
  A gnoll sergeant (D:9)
  A spectral water moccasin (Lair:2)
  3 kobold brigands
  3 scorpions
  5 wights (D:7)
  8 killer bees
  2 howler monkeys
  An electric eel (Bailey)
  3 jellies
  5 hounds
  13 orc priests
  Crazy Yiuf (D:4)
  A gnoll bouda (D:9)
  3 sleepcaps
  Ijyb (D:5)
  4 iguanas (D:5)
  24 orc wizards
  8 mummies (Ossuary)
  16 gnolls
  11 adders
  A white imp (D:7)
  2 worms
  5 dart slugs
  81 orcs
  8 ball pythons
  7 bats
  7 endoplasms
  2 giant cockroaches
  11 goblins
  12 hobgoblins
  2 jackals (D:1)
  2 quokkas
  2 frilled lizards (D:3)
  3 gnoll zombies (Ossuary)
  A goblin zombie (D:5)
  3 hobgoblin zombies (Ossuary)
  18 kobolds
  2 kobold zombies (Ossuary)
  A quokka zombie (D:5)
  6 rats
  A spectral orc (D:4)
485 creatures vanquished.

Vanquished Creatures (collateral kills)
  A troll (D:6)
  A polar bear (Lair:3)
  A wyvern (Lair:1)
  A yak (Lair:1)
  A basilisk (Lair:2)
  A wolf (Lair:3)
  A bullfrog (D:7)
  3 killer bees (D:8)
  A kobold (D:7)
11 creatures vanquished.

Vanquished Creatures (others)
  A yak (D:6)
  An ogre (D:6)
  2 centaurs (D:6)
  A hound (D:6)
  A gnoll bouda (D:6)
  2 orc wizards
8 creatures vanquished.

Grand Total: 504 creatures vanquished

Notes
Turn   | Place    | Note
-------+----------+-------------------------------------------
     0 | D:1      | Ignak the Gnoll Air Elementalist began the quest for the
                  | Orb.
     0 | D:1      | Reached XP level 1. HP: 13/13 MP: 6/6
    77 | D:1      | Reached XP level 2. HP: 17/19 MP: 1/7
   392 | D:1      | Reached skill level 5 in Spellcasting
   392 | D:1      | Reached XP level 3. HP: 25/25 MP: 7/9
   623 | D:2      | Found a broken altar of Ashenzari.
   653 | D:2      | Reached skill level 1 in Invocations
   657 | D:2      | Reached skill level 1 in Fighting
   657 | D:2      | Reached skill level 1 in Short Blades
   657 | D:2      | Reached skill level 1 in Long Blades
   657 | D:2      | Reached skill level 1 in Axes
   657 | D:2      | Reached skill level 1 in Maces & Flails
   657 | D:2      | Reached skill level 1 in Polearms
   657 | D:2      | Reached skill level 1 in Staves
   657 | D:2      | Reached skill level 1 in Ranged Weapons
   657 | D:2      | Reached skill level 1 in Throwing
   657 | D:2      | Reached skill level 1 in Armour
   657 | D:2      | Reached skill level 1 in Shields
   657 | D:2      | Reached skill level 1 in Unarmed Combat
   657 | D:2      | Reached skill level 1 in Evocations
   970 | D:2      | Reached XP level 4. HP: 32/32 MP: 11/11
  1040 | D:2      | Reached skill level 1 in Shapeshifting
  1312 | D:2      | Reached skill level 1 in Hexes
  1312 | D:2      | Reached skill level 1 in Summonings
  1312 | D:2      | Reached skill level 1 in Necromancy
  1312 | D:2      | Reached skill level 1 in Translocations
  1312 | D:2      | Reached skill level 1 in Transmutations
  1312 | D:2      | Reached skill level 1 in Fire Magic
  1312 | D:2      | Reached skill level 1 in Ice Magic
  1312 | D:2      | Reached skill level 1 in Earth Magic
  1312 | D:2      | Reached skill level 1 in Poison Magic
  1503 | D:3      | Reached XP level 5. HP: 31/37 MP: 12/12
  1587 | D:3      | Found a faded altar of an unknown god.
  2458 | D:4      | Learned a level 4 spell: Airstrike
  2462 | D:4      | Learned a level 3 spell: Swiftness
  2561 | D:4      | Found a broken altar of Ashenzari.
  2604 | D:4      | Reached skill level 5 in Dodging
  2604 | D:4      | Reached XP level 6. HP: 44/44 MP: 14/14
  2659 | D:4      | Found a runed translucent door.
  2660 | D:4      | Noticed Crazy Yiuf
  2681 | D:4      | Killed Crazy Yiuf
  2870 | D:4      | Reached XP level 7. HP: 50/50 MP: 15/15
  2898 | D:4      | Found a basalt altar of Yredelemnul.
  3105 | D:5      | Entered Level 5 of the Dungeon
  3110 | D:5      | Noticed Pikel
  3141 | D:4      | Killed Pikel
  3142 | D:4      | Reached skill level 5 in Stealth
  3142 | D:4      | Reached XP level 8. HP: 40/58 MP: 3/16
  3179 | D:5      | Found a shadowy altar of Dithmenos.
  3241 | D:5      | Found a sand-covered staircase.
  3248 | Ossuary  | Entered an ossuary
  3574 | Ossuary  | Gained mutation: You are partially covered in iridescent
                  | scales. (AC +2) [potion of mutation]
  3999 | D:5      | Noticed Ijyb
  4045 | D:5      | Killed Ijyb
  4232 | D:5      | Identified a scroll of acquirement
  4234 | D:5      | Acquired a +2 pair of gloves of hurling
  4283 | D:5      | Learned a level 3 spell: Confusing Touch
  4287 | D:5      | Learned a level 3 spell: Vampiric Draining
  4351 | D:5      | Noticed Eustachio
  4373 | D:5      | HP: 2/59 [acid dragon/splash of acid (24)]
  4449 | D:5      | Noticed Grinder
  4466 | D:5      | Paralysed by Grinder for 5 turns
  4479 | D:5      | Killed Grinder
  4480 | D:5      | Reached XP level 9. HP: 61/65 MP: 15/18
  4522 | D:5      | Identified the +1 robe of Honour {rCorr Stlth+}
  4671 | D:5      | Killed Eustachio
  4900 | D:5      | Found a shimmering blue altar of Sif Muna.
  4907 | D:5      | Became a worshipper of Sif Muna the Loreminder
  5193 | D:6      | Noticed Sigmund
  5241 | D:6      | Killed Sigmund
  5412 | D:6      | Reached * piety under Sif Muna
  5429 | D:6      | Found a shimmering altar of Xom.
  5463 | D:6      | Reached skill level 5 in Invocations
  6091 | D:7      | Reached XP level 10. HP: 61/73 MP: 20/20
  6181 | D:7      | Reached skill level 5 in Fighting
  6181 | D:7      | Reached skill level 5 in Short Blades
  6181 | D:7      | Reached skill level 5 in Long Blades
  6181 | D:7      | Reached skill level 5 in Axes
  6181 | D:7      | Reached skill level 5 in Maces & Flails
  6181 | D:7      | Reached skill level 5 in Polearms
  6181 | D:7      | Reached skill level 5 in Staves
  6181 | D:7      | Reached skill level 5 in Ranged Weapons
  6181 | D:7      | Reached skill level 5 in Throwing
  6181 | D:7      | Reached skill level 5 in Armour
  6181 | D:7      | Reached skill level 5 in Shields
  6181 | D:7      | Reached skill level 5 in Unarmed Combat
  6181 | D:7      | Reached skill level 5 in Evocations
  6202 | D:7      | Found a flagged portal.
  6209 | Bailey   | Entered a bailey
  6418 | Bailey   | Acquired 779 gold pieces
  6451 | Bailey   | Learned a level 4 spell: Summon Lightning Spire
  6457 | Bailey   | Learned a level 5 spell: Lee's Rapid Deconstruction
  6509 | Bailey   | Noticed an orc sorcerer
  6533 | Bailey   | Found an iron altar of Okawaru.
  6538 | Bailey   | Noticed a kobold demonologist
  6562 | Bailey   | Killed an orc sorcerer
  6609 | Bailey   | Reached skill level 5 in Conjurations
  6676 | Bailey   | Killed a kobold demonologist
  6712 | Bailey   | Identified the +8 spear of Tartarus {heavy, Str+3 SInv}
  6713 | Bailey   | Identified the +0 spear "Exkocam" {vamp, rC- Str+3}
  6801 | Bailey   | Reached skill level 5 in Shapeshifting
  6917 | Bailey   | Reached ** piety under Sif Muna
  7141 | D:7      | Noticed a purple ugly thing
  7141 | D:7      | Noticed a manticore
  7280 | D:6      | Killed a purple ugly thing
  7281 | D:6      | Reached XP level 11. HP: 81/81 MP: 13/22
  7300 | D:7      | Killed a manticore
  7301 | D:7      | Reached skill level 5 in Hexes
  7301 | D:7      | Reached skill level 5 in Summonings
  7301 | D:7      | Reached skill level 5 in Necromancy
  7301 | D:7      | Reached skill level 5 in Translocations
  7301 | D:7      | Reached skill level 5 in Transmutations
  7301 | D:7      | Reached skill level 5 in Fire Magic
  7301 | D:7      | Reached skill level 5 in Ice Magic
  7301 | D:7      | Reached skill level 5 in Earth Magic
  7301 | D:7      | Reached skill level 5 in Poison Magic
  7341 | D:7      | Learned a level 2 spell: Searing Ray
  7567 | D:7      | Found a glowing silver altar of Zin.
  7633 | D:7      | Found a sparkling altar of Nemelex Xobeh.
  7730 | D:7      | Found a staircase to the Ecumenical Temple.
  7737 | Temple   | Entered the Ecumenical Temple
  7888 | D:7      | Upgraded the game from 0.31-a0-625-gc9c7e45f3f to
                  | 0.31-a0-647-g38d6a14cb1
  7919 | D:8      | Found Zicvo's Antique Armour Boutique.
  7975 | D:8      | Bought a masterwork leather armour for 182 gold pieces
  7975 | D:8      | Identified the +0 leather armour of the Devouring Gods
                  | {Dex+8} (You bought it in a shop on level 8 of the Dungeon)
  8102 | D:8      | Found Fycofee's Assorted Antiques.
  8109 | D:8      | Bought a scroll of teleportation for 78 gold pieces
  8112 | D:8      | Found Vufobut's Antique Weapon Emporium.
  8119 | D:8      | Bought a twisted trident for 170 gold pieces
  8119 | D:8      | Identified the +3 trident of the Lair of Beasts {venom,
                  | Str+2} (You bought it in a shop on level 8 of the Dungeon)
  8288 | D:8      | Reached *** piety under Sif Muna
  8312 | D:8      | Found a sacrificial altar of Ru.
  9254 | D:9      | Found a staircase to the Orcish Mines.
  9256 | D:9      | Reached **** piety under Sif Muna
  9854 | Orc:1    | Entered Level 1 of the Orcish Mines
 10244 | Orc:2    | Entered Level 2 of the Orcish Mines
 10360 | Orc:2    | Noticed a two-headed ogre
 10399 | Orc:1    | Killed a two-headed ogre
 10523 | Orc:2    | Noticed a two-headed ogre
 10556 | Orc:2    | Noticed an ogre mage
 10589 | Orc:1    | Killed a two-headed ogre
 10787 | Orc:1    | Reached XP level 12. HP: 78/89 MP: 24/24
 10797 | Orc:2    | Killed an ogre mage
 10888 | Orc:2    | Reached ***** piety under Sif Muna
 10909 | Orc:2    | Learned a level 2 spell: Wereblood
 11143 | Orc:2    | Paralysed by an orc sorcerer for 5 turns
 11610 | Orc:2    | Noticed an orc warlord
 11770 | Orc:1    | Received a gift from Sif Muna
 11773 | Orc:1    | Got Heppet's Writings on Gases {god gift}
 11818 | Orc:1    | HP: 3/91 [orc warlord/+2 bardiche of freezing (13)]
 12111 | Orc:1    | HP: 4/91 [orc warlord/+2 bardiche of freezing (1)]
 12204 | Orc:2    | Learned a level 3 spell: Mephitic Cloud
 12395 | Orc:2    | Noticed an orc high priest
 12482 | Orc:2    | Found Roluaq's General Store.
 12494 | Orc:2    | Killed an orc high priest
 12505 | Orc:2    | Found Ycelaut's Antique Armour Boutique.
 12560 | Orc:2    | Bought a scroll of revelation for 127 gold pieces
 12610 | Orc:2    | Found Bann's Antique Weapon Boutique.
 12617 | Orc:2    | Bought a brightly glowing demon blade for 400 gold pieces
 12617 | Orc:2    | Identified the +4 demon blade "Kielob" {drain, +Blink rF+}
                  | (You bought it in a shop on level 2 of the Orcish Mines)
 12688 | Orc:2    | Found Kegef's Book Boutique.
 12867 | Orc:2    | Found a staircase to the Elven Halls.
 13331 | D:10     | Entered Level 10 of the Dungeon
 13545 | D:10     | Found a staircase to the Lair.
 13631 | D:10     | Got the Thoughts on Reconstruction and the Tundra
 14030 | D:10     | Noticed a two-headed ogre
 14035 | D:10     | Killed a two-headed ogre
 14050 | D:10     | Found a bloodstained altar of Trog.
 14152 | Lair:1   | Entered Level 1 of the Lair of Beasts
 14211 | Lair:1   | Reached XP level 13. HP: 98/98 MP: 26/26
 14220 | Lair:1   | Noticed Urug
 14240 | Lair:1   | Killed Urug
 14285 | Lair:1   | Identified the +5 long sword of Yhe Guxt {freeze, rElec rF+
                  | rN+ Will+ Int-5}
 15243 | Lair:1   | Received a gift from Sif Muna
 15246 | Lair:1   | Got Woss's Anthology of the Crevasse and Vapour {god gift}
 16266 | Lair:2   | Found a staircase to the Swamp.
 16306 | Lair:2   | Reached skill level 10 in Spellcasting
 16988 | Lair:3   | Reached skill level 10 in Dodging
 17065 | Lair:3   | Found a staircase to the Snake Pit.
 17147 | Lair:3   | Identified the +0 sling of Olioppep {heavy, Drain Dex+5}
 17173 | Lair:3   | Noticed Kirke
 17194 | Lair:3   | Noticed a sphinx
 17197 | Lair:3   | Paralysed by a sphinx for 5 turns
 17201 | Lair:3   | Slain by a sphinx

Illustrated notes

Levels and vault maps discovered:
D:1:      tarquinn_simple_flora_water_e, layout_basic, minmay_misc_feat_columns
D:2:      layout_basic, basic_altar, eino_curves_03, minmay_split_cup_large
D:3:      layout_basic, nicolae_overflow_ecumenical_swirl, minmay_quadrilaterals
D:4:      layout_cave_pools, cheibrodos_ashenzari_chains,
          yredelemnul_forgotten_temple_becter, chequers_serial_rivers_room_b,
          uniq_crazy_yiuf_cottage
D:5:      layout_basic, tgw_sif, lemuel_crystal_altar, enter_ossuary_4,
          uniq_grinder, uniq_pikel, uniq_eustachio, uniq_ijyb
D:6:      layout_basic, xom_confusion_cloud, uniq_sigmund
D:7:      nzn_winding_woodlands_three_and_one [nzn_winding_woodlands_5x15_pool,
          nzn_winding_woodlands_5x15_default,
          nzn_winding_woodlands_5x15_crooked,
          nzn_winding_woodlands_center_triple_pond], layout_gridville,
          lemuel_coloured_pillars_altar, zin_statuary,
          minmay_temple_entry_junction_2, enter_bailey_2
D:8:      layout_rooms, nicolae_ru_awakened_eye, serial_shops,
          nicolae_shop_dealshenge, shop, nicolae_square_shop
D:9:      layout_roguey, erik_orc_1, nzn_life_drinkers
D:10:     layout_cave_pools, mainiacjoe_overflow_surrounded_room,
          david_lair_shrubbed, grunt_decor_mini_mirrors
Temple:   nicolae_temple_no_exploring_needed
Lair:1:   layout_cave_pods, uniq_urug
Lair:2:   layout_cave_pods, nicolae_swamp_entry_spooky, serial_rivers,
          chequers_serial_rivers_micro_a, chequers_serial_rivers_small_3,
          chequers_serial_rivers_micro_a, chequers_serial_rivers_micro_a,
          chequers_serial_rivers_small_a, grunt_megastairs_4
Lair:3:   layout_loops_ring, minmay_snake_entry_six_corridors,
          serial_bayou_pond_b, grunt_forest_large_clearings, uniq_kirke
Orc:1:    layout_diamond_mine
Orc:2:    grunt_orc_cross, layout_caves

Skill      XL: |  1  2  3  4  5  6  7  8  9 10 11 12 13 |
---------------+----------------------------------------+-----
Conjurations   | 2 3 4 5 6 7 |  7.8
Spellcasting   | 5 6 7 8 9 10 | 10.2
Invocations    | 1 2 3 4 5 6 7 8 9 |  9.7
Fighting       | 1 2 3 4 5 6 7 8 |  8.9
Short Blades   | 1 2 3 4 5 6 7 8 |  8.9
Long Blades    | 1 2 3 4 5 6 7 8 |  8.9
Axes           | 1 2 3 4 5 6 7 8 |  8.9
Maces & Flails | 1 2 3 4 5 6 7 8 |  8.9
Polearms       | 1 2 3 4 5 6 7 8 |  8.9
Staves         | 1 2 3 4 5 6 7 8 |  8.9
Ranged Weapons | 1 2 3 4 5 6 7 8 |  8.9
Throwing       | 1 2 3 4 5 6 7 8 |  8.9
Armour         | 1 2 3 4 5 6 7 8 |  8.9
Shields        | 1 2 3 4 5 6 7 8 |  8.9
Unarmed Combat | 1 2 3 4 5 6 7 8 |  8.9
Evocations     | 1 2 3 4 5 6 7 8 |  8.9
Shapeshifting  | 1 2 3 4 5 6 7 8 |  8.1
Hexes          | 1 2 3 4 5 6 7 |  7.4
Summonings     | 1 2 3 4 5 6 7 |  7.4
Necromancy     | 1 2 3 4 5 6 7 |  7.4
Translocations | 1 2 3 4 5 6 7 |  7.4
Transmutations | 1 2 3 4 5 6 7 |  7.4
Fire Magic     | 1 2 3 4 5 6 7 |  7.4
Ice Magic      | 1 2 3 4 5 6 7 |  7.4
Earth Magic    | 1 2 3 4 5 6 7 |  7.4
Poison Magic   | 1 2 3 4 5 6 7 |  7.4
Dodging        | 5 6 7 8 9 10 | 10.1
Stealth        | 5 6 7 8 9 |  9.9
Air Magic      | 6 7 8 9 |  9.3

Action                     |  1- 3 |  4- 6 |  7- 9 | 10-12 | 13-15 || total
---------------------------+-------+-------+-------+-------+-------++-------
  Melee: Short sword       |    45 |       |       |       |       ||    45
         Unarmed           |     1 |       |       |       |       ||     1
         Bite              |     4 |    14 |    54 |    96 |    34 ||   202
         Dagger            |     9 |    99 |    63 |     1 |       ||   172
         Punch             |       |     4 |    13 |    38 |     3 ||    58
         Club              |       |       |   253 |    83 |       ||   336
         Flail             |       |       |    42 |       |       ||    42
         Staff             |       |       |     1 |       |       ||     1
         Spear             |       |       |       |   573 |    66 ||   639
         Rapier            |       |       |       |     1 |       ||     1
         Demon blade       |       |       |       |   109 |   279 ||   388
  Throw: Dart              |       |       |    13 |     9 |       ||    22
   Cast: Shock             |    26 |     7 |    39 |     2 |       ||    74
         Airstrike         |       |     2 |     2 |    13 |       ||    17
         Swiftness         |       |     1 |     2 |     4 |       ||     7
         Confusing Touch   |       |       |    13 |    29 |       ||    42
         Vampiric Draining |       |       |     2 |    56 |    46 ||   104
         Summon Lightning  |       |       |       |    14 |     5 ||    19
         Searing Ray       |       |       |       |    11 |     4 ||    15
         Wereblood         |       |       |       |    12 |    13 ||    25
         Mephitic Cloud    |       |       |       |     5 |     2 ||     7
         Lee's Rapid Decon |       |       |       |       |     2 ||     2
 Invoke: Channel Magic     |       |       |       |     1 |     2 ||     3
         Forget Spell      |       |       |       |     1 |       ||     1
Ability: Evoke Blink       |       |       |       |     1 |     3 ||     4
  Evoke: Wand              |       |       |     5 |     8 |     3 ||    16
    Use: Scroll            |       |     7 |     9 |     8 |     1 ||    25
         Potion            |       |       |     8 |     2 |     1 ||    11
   Stab: Sleeping          |     4 |    14 |    11 |    24 |    13 ||    66
         Confused          |       |       |    12 |    30 |     1 ||    43
         Distracted        |       |       |     1 |     1 |     1 ||     3
 Armour: Robe              |    17 |    10 |   130 |   267 |       ||   424
         Leather armour    |       |       |       |    35 |    28 ||    63
         Steam dragon scal |       |       |       |       |   320 ||   320
  Dodge: Dodged            |    61 |    56 |   241 |   776 |   480 ||  1614
  Block: Buckler           |       |       |       |       |   152 ||   152

Table legend: (Time is in decaauts)
 A = Elapsed time spent in this place.
 B = Non-inter-level travel time spent in this place.
 C = Inter-level travel time spent in this place.
 D = Time resting spent in this place.
 E = Time spent auto-exploring this place.
 F = Levels seen in this place.
 G = Mean time per level.
                   A        B        C        D        E       F      G
               +--------+--------+--------+--------+--------+-----+--------+
         Total |  17305 |  16693 |    612 |   1408 |   7921 |  18 |  961.4 |
       Dungeon |   9812 |   9314 |    498 |    151 |   5319 |  10 |  981.2 |
        Temple |      1 |      1 |      0 |      0 |      0 |   1 |    1.0 |
          Lair |   3055 |   3010 |     45 |    207 |   1756 |   3 | 1018.3 |
  Orcish Mines |   3338 |   3269 |     69 |    922 |    835 |   2 | 1669.0 |
       Ossuary |    361 |    361 |      0 |     83 |      0 |   1 |  361.0 |
        Bailey |    736 |    736 |      0 |     45 |     11 |   1 |  736.0 |
               +--------+--------+--------+--------+--------+-----+--------+

Top non-repeatable levels by time:
   Orc:2: 1851 daAuts
     D:9: 1550 daAuts
     D:5: 1511 daAuts
   Orc:1: 1486 daAuts
  Lair:2: 1227 daAuts
  Lair:1: 1169 daAuts
     D:7: 1131 daAuts
     D:6: 1020 daAuts
     D:3: 949 daAuts
     D:2: 830 daAuts
     D:4: 785 daAuts
     D:8: 754 daAuts
  Bailey: 736 daAuts
    D:10: 671 daAuts
  Lair:3: 658 daAuts
